3L
ATLANTA SMOKE @ ROCKY MOUNTAIN NUGGETS
07/07/2025
 
TOP OF THE 1ST
Atlanta Smoke batting - Pitching for Rocky Mountain Nuggets : RHP Ismael Barrios
Pitching: RHP Ismael Barrios
Batting: RHB Bartolo Morales 0-0: Called Strike
0-1: Ball
1-1: Ball
2-1: Foul Ball, location: 2F
2-2: SINGLE (Line Drive, 6MD)
Batting: RHB Anthony Johnston 0-0: Called Strike
0-1: Ball
1-1: Ball
2-1: Reached on error, E5 (Groundball, 56S)
Bartolo Morales to third
Batting: LHB Albert Morán 0-0: Ball
1-0: Foul Ball, location: 2F
1-1: Ball
2-1: Swinging Strike
2-2: Strikes out swinging
Batting: LHB Ned Durand 0-0: Called Strike
0-1: Called Strike
0-2: Fly out, F7 (Flyball, 78D)
Runner from 3rd tags up, SCORES, no throw
Batting: RHB Pedro Morales 0-0: Called Strike
0-1: Swinging Strike
0-2: SINGLE (Groundball, 56D)
Anthony Johnston to third
Runner from 3rd tries for Home, SAFE, no throw
Batting: LHB Armando Esparza 0-0: Called Strike
Pedro Morales steals 2nd base
0-1: Fly out, F6 (Line Drive, 56D)
Top of the 1st over - 2 run(s), 2 hit(s), 1 error(s), 1 left on base; Atlanta 2 - Rocky Mountain 0
BOTTOM OF THE 1ST
Rocky Mountain Nuggets batting - Pitching for Atlanta Smoke : RHP Ramón Ortega
Pitching: RHP Ramón Ortega
Batting: RHB Mark Melton 0-0: Fly out, F5 (Popup, 5S)
Batting: LHB Randy Bowen 0-0: Called Strike
0-1: Foul Ball, location: 2F
0-2: Ball
1-2: SINGLE (Line Drive, 9S)
Batting: LHB Javier Sánchez 0-0: DOUBLE (Line Drive, 7LM)
Randy Bowen to third
Runner from 3rd tries for Home, SAFE, no throw
Batting: RHB Andrés Rodríguez 0-0: Foul Ball, location: 2F
0-1: Ball
1-1: SINGLE (Line Drive, 3)
Javier Sánchez to third
Batting: LHB Juan Ríos 0-0: Called Strike
0-1: Fly out, F7 (Flyball, 7S)
Batting: RHB Wes Shannon 0-0: Ball
1-0: Ball
2-0: Called Strike
2-1: Swinging Strike
2-2: Fly out, F6 (Line Drive, 6M)
Bottom of the 1st over - 1 run(s), 3 hit(s), 0 error(s), 2 left on base; Atlanta 2 - Rocky Mountain 1
TOP OF THE 2ND
Atlanta Smoke batting - Pitching for Rocky Mountain Nuggets : RHP Ismael Barrios
Batting: LHB Carl Gore 0-0: Called Strike
0-1: Ball
1-1: Ball
2-1: Ball
3-1: Base on Balls
Batting: RHB Gerardo Castillo 0-0: Called Strike
0-1: Ball
1-1: Ball
2-1: Ball
3-1: Fly out, F9 (Flyball, 89S)
Batting: RHB Jack Weber 0-0: Called Strike
0-1: Ball
1-1: Ground out 5-3 (Groundball, 56S)
Carl Gore to second
Batting: RHB Bartolo Morales 0-0: Ball
1-0: Called Strike
1-1: Called Strike
1-2: SINGLE (Groundball, 56D)
Carl Gore to third
Runner from 3rd tries for Home, SAFE, no throw
Batting: RHB Anthony Johnston 0-0: Ball
1-0: Called Strike
1-1: Ball
2-1: Swinging Strike
2-2: Ball
Bartolo Morales steals 2nd base
3-2: Foul Ball, location: 2F
3-2: Fly out, F8 (Flyball, 8LD)
Top of the 2nd over - 1 run(s), 1 hit(s), 0 error(s), 1 left on base; Atlanta 3 - Rocky Mountain 1
BOTTOM OF THE 2ND
Rocky Mountain Nuggets batting - Pitching for Atlanta Smoke : RHP Ramón Ortega
Batting: RHB Michael Riley 0-0: Ball
1-0: Swinging Strike
1-1: Ground out 4-3 (Groundball, 4M)
Batting: RHB Paul Smith 0-0: Foul Ball, location: 2F
0-1: Foul Ball, location: 2F
0-2: Ball
1-2: Strikes out swinging
Batting: RHB Gary Chalmers 0-0: Ball
1-0: Called Strike
1-1: Swinging Strike
1-2: Ball
2-2: SINGLE (Groundball, 34D)
Batting: RHB Mark Melton 0-0: Ball
1-0: Ball
2-0: Ball
3-0: Called Strike
3-1: Base on Balls
Gary Chalmers to second
Batting: LHB Randy Bowen 0-0: Swinging Strike
0-1: Ground out U3 (Groundball, 34S)
Bottom of the 2nd over - 0 run(s), 1 hit(s), 0 error(s), 2 left on base; Atlanta 3 - Rocky Mountain 1
TOP OF THE 3RD
Atlanta Smoke batting - Pitching for Rocky Mountain Nuggets : RHP Ismael Barrios
Batting: LHB Albert Morán 0-0: Ball
1-0: Ball
2-0: Foul Ball, location: 2F
2-1: Ball
3-1: Base on Balls
Batting: LHB Ned Durand 0-0: Ball
1-0: Ball
2-0: Grounds into double play, 4-6-3 (Groundball, 4)
Batting: RHB Pedro Morales 0-0: Ball
1-0: Ball
2-0: Called Strike
2-1: Foul Ball, location: 2F
2-2: Fly out, F8 (Line Drive, 8LD)
Top of the 3rd over - 0 run(s), 0 hit(s), 0 error(s), 0 left on base; Atlanta 3 - Rocky Mountain 1
BOTTOM OF THE 3RD
Rocky Mountain Nuggets batting - Pitching for Atlanta Smoke : RHP Ramón Ortega
Batting: LHB Javier Sánchez 0-0: Called Strike
0-1: Ball
1-1: SINGLE (Line Drive, 34)
Batting: RHB Andrés Rodríguez 0-0: 2-RUN HOME RUN (Flyball, 7D), Distance : 382 ft
Batting: LHB Juan Ríos 0-0: Ball
1-0: Fly out, F7 (Line Drive, 7)
Batting: RHB Wes Shannon 0-0: Foul Ball, location: 2F
0-1: Ball
1-1: Ball
2-1: Called Strike
2-2: Ball
3-2: SINGLE (Groundball, 4MD)
Batting: RHB Michael Riley 0-0: Swinging Strike
0-1: Foul Ball, location: 2F
0-2: Foul Ball, location: 2F
0-2: Ball
1-2: Ground out 5-3 (Groundball, 56S)
Wes Shannon to second
Batting: RHB Paul Smith 0-0: Ball
1-0: Called Strike
1-1: Ball
2-1: Foul Ball, location: 2F
2-2: Ground out 5-3 (Groundball, 56)
Bottom of the 3rd over - 2 run(s), 3 hit(s), 0 error(s), 1 left on base; Atlanta 3 - Rocky Mountain 3
TOP OF THE 4TH
Atlanta Smoke batting - Pitching for Rocky Mountain Nuggets : RHP Ismael Barrios
Batting: LHB Armando Esparza 0-0: Swinging Strike
0-1: Called Strike
0-2: Ball
1-2: Strikes out swinging
Batting: LHB Carl Gore 0-0: Ball
1-0: Ball
2-0: Ball
3-0: Base on Balls
Batting: RHB Gerardo Castillo 0-0: Called Strike
0-1: Ball
1-1: Ball
2-1: Ball
3-1: Grounds into double play, 6-4-3 (Groundball, 6)
Top of the 4th over - 0 run(s), 0 hit(s), 0 error(s), 0 left on base; Atlanta 3 - Rocky Mountain 3
BOTTOM OF THE 4TH
Rocky Mountain Nuggets batting - Pitching for Atlanta Smoke : RHP Ramón Ortega
Batting: RHB Gary Chalmers 0-0: Called Strike
0-1: Swinging Strike
0-2: Ball
1-2: Ground out 6-3 (Groundball, 6D)
Batting: RHB Mark Melton 0-0: Ball
1-0: Ground out 6-3 (Groundball, 6)
Batting: LHB Randy Bowen 0-0: Called Strike
0-1: Ball
1-1: Foul Ball, location: 2F
1-2: Foul Ball, location: 2F
1-2: Ball
2-2: SINGLE (Groundball, 34D)
Batting: LHB Javier Sánchez 0-0: Ball
1-0: Ball
2-0: Foul Ball, location: 2F
2-1: Ball
3-1: Fielders Choice at 2nd, 4-6 (Groundball, 4D)
Bottom of the 4th over - 0 run(s), 1 hit(s), 0 error(s), 0 left on base; Atlanta 3 - Rocky Mountain 3
TOP OF THE 5TH
Atlanta Smoke batting - Pitching for Rocky Mountain Nuggets : RHP Ismael Barrios
Batting: RHB Jack Weber 0-0: Ball
1-0: Foul Ball, location: 2F
1-1: Bunt for hit - play at first, batter OUT! 1-3
Batting: RHB Bartolo Morales 0-0: Ground out 5-3 (Groundball, 5)
Batting: RHB Anthony Johnston 0-0: Called Strike
0-1: Fly out, F7 (Flyball, 7)
Top of the 5th over - 0 run(s), 0 hit(s), 0 error(s), 0 left on base; Atlanta 3 - Rocky Mountain 3
BOTTOM OF THE 5TH
Rocky Mountain Nuggets batting - Pitching for Atlanta Smoke : RHP Ramón Ortega
Batting: RHB Andrés Rodríguez 0-0: Ground out 6-3 (Groundball, 6S)
Batting: LHB Juan Ríos 0-0: Ball
1-0: Ball
2-0: Ground out U3 (Groundball, 34S)
Batting: RHB Wes Shannon 0-0: Swinging Strike
0-1: Called Strike
0-2: Strikes out swinging, 2-3 out at first.
Bottom of the 5th over - 0 run(s), 0 hit(s), 0 error(s), 0 left on base; Atlanta 3 - Rocky Mountain 3
TOP OF THE 6TH
Atlanta Smoke batting - Pitching for Rocky Mountain Nuggets : RHP Ismael Barrios
Batting: LHB Albert Morán 0-0: Foul Ball, location: 2F
0-1: Ball
1-1: Ground out U3 (Groundball, 3)
Batting: LHB Ned Durand 0-0: DOUBLE (Line Drive, 8RXD)
Batting: RHB Pedro Morales 0-0: Swinging Strike
0-1: Ball
1-1: Swinging Strike
1-2: Strikes out swinging
Batting: LHB Armando Esparza 0-0: Called Strike
0-1: Foul Ball, location: 2F
0-2: Ball
1-2: Foul Ball, location: 2F
1-2: Ball
2-2: Ground out 6-3 (Groundball, 6)
Top of the 6th over - 0 run(s), 1 hit(s), 0 error(s), 1 left on base; Atlanta 3 - Rocky Mountain 3
BOTTOM OF THE 6TH
Rocky Mountain Nuggets batting - Pitching for Atlanta Smoke : RHP Ramón Ortega
Batting: RHB Michael Riley 0-0: Called Strike
0-1: Ball
1-1: Foul Ball, location: 2F
1-2: Foul Ball, location: 2F
1-2: Fly out, F4 (Flyball, 34D)
Batting: RHB Paul Smith 0-0: Ball
1-0: Ground out 6-3 (Groundball, 6)
Batting: RHB Gary Chalmers 0-0: Called Strike
0-1: Fly out, F9 (Flyball, 9S)
Bottom of the 6th over - 0 run(s), 0 hit(s), 0 error(s), 0 left on base; Atlanta 3 - Rocky Mountain 3
TOP OF THE 7TH
Atlanta Smoke batting - Pitching for Rocky Mountain Nuggets : RHP Ismael Barrios
Batting: LHB Carl Gore 0-0: Foul Ball, location: 2F
0-1: Swinging Strike
0-2: Ball
1-2: Ball
2-2: Ball
3-2: Ground out 1-3 (Groundball, 13S)
Batting: RHB Gerardo Castillo 0-0: Fly out, F7 (Flyball, 78M)
Batting: RHB Jack Weber 0-0: Swinging Strike
0-1: Ball
1-1: Foul Ball, location: 2F
1-2: Strikes out swinging
Top of the 7th over - 0 run(s), 0 hit(s), 0 error(s), 0 left on base; Atlanta 3 - Rocky Mountain 3
BOTTOM OF THE 7TH
Rocky Mountain Nuggets batting - Pitching for Atlanta Smoke : RHP Ramón Ortega
Batting: RHB Mark Melton 0-0: Ball
1-0: DOUBLE (Flyball, 8LXD)
Batting: LHB Randy Bowen 0-0: Swinging Strike
0-1: SINGLE (Groundball, 4D)
Mark Melton to third
Batting: LHB Javier Sánchez 0-0: Called Strike
0-1: Ball
Wild Pitch!
Mark Melton scores
Randy Bowen to second
1-1: Intentional Walk
Batting: RHB Andrés Rodríguez 0-0: Called Strike
0-1: Ground out 5-3 (Groundball, 56S)
Randy Bowen to third
Javier Sánchez to second
Batting: LHB Juan Ríos 0-0: Called Strike
0-1: Ball
1-1: Ground out 6-3 (Groundball, 56)
Batting: RHB Wes Shannon 0-0: SINGLE (Groundball, 4MD)
Randy Bowen scores
Javier Sánchez to third
Runner from 3rd tries for Home, SAFE, no throw
Pitching: RHP Iván García
Batting: RHB Michael Riley 0-0: Called Strike
0-1: Ball
1-1: Ball
2-1: Ball
3-1: Swinging Strike
3-2: Base on Balls
Wes Shannon to second
Batting: RHB Paul Smith 0-0: Called Strike
0-1: Foul Ball, location: 2F
0-2: Ball
1-2: Strikes out swinging
Bottom of the 7th over - 3 run(s), 3 hit(s), 0 error(s), 2 left on base; Atlanta 3 - Rocky Mountain 6
TOP OF THE 8TH
Atlanta Smoke batting - Pitching for Rocky Mountain Nuggets : RHP Ismael Barrios
Pitching: RHP Jorge Garza
Now at C: Juan Sánchez
Now in RF: Javier Martínez
Batting: RHB Bartolo Morales 0-0: SINGLE (Line Drive, 56)
Batting: RHB Anthony Johnston 0-0: Ball
1-0: Ball
2-0: Ball
3-0: Base on Balls
Bartolo Morales to second
Pitching: RHP Hunter Wilson
Batting: LHB Albert Morán 0-0: Ball
1-0: Ball
2-0: Ball
3-0: Called Strike
3-1: Called Strike
3-2: Foul Ball, location: 2F
3-2: Base on Balls
Bartolo Morales to third
Anthony Johnston to second
Batting: LHB Ned Durand 0-0: Swinging Strike
0-1: Ball
1-1: Foul Ball, location: 2F
1-2: Foul Ball, location: 2F
1-2: Ball
2-2: Grounds into double play, 4-6-3 (Groundball, 4)
Bartolo Morales scores
Anthony Johnston to third
Pitching: RHP Reynaldo Ortíz
Batting: RHB Pedro Morales 0-0: Called Strike
0-1: Swinging Strike
0-2: Ball
1-2: Ball
2-2: DOUBLE (Flyball, 78D)
Anthony Johnston scores
Batting: LHB Armando Esparza 0-0: Ball
1-0: Ground out 1-3 (Groundball, P)
Top of the 8th over - 2 run(s), 2 hit(s), 0 error(s), 1 left on base; Atlanta 5 - Rocky Mountain 6
BOTTOM OF THE 8TH
Rocky Mountain Nuggets batting - Pitching for Atlanta Smoke : RHP Iván García
Batting: SHB Juan Sánchez 0-0: Foul Ball, location: 2F
0-1: Ball
1-1: Swinging Strike
1-2: Ball
2-2: Strikes out swinging
Batting: RHB Mark Melton 0-0: Called Strike
0-1: Ball
1-1: Swinging Strike
1-2: Foul Ball, location: 2F
1-2: Foul Ball, location: 2F
1-2: Ball
2-2: Ball
3-2: Base on Balls
Batting: LHB Randy Bowen 0-0: Ball
1-0: Grounds into double play, 4-6-3 (Groundball, 4)
Bottom of the 8th over - 0 run(s), 0 hit(s), 0 error(s), 0 left on base; Atlanta 5 - Rocky Mountain 6
TOP OF THE 9TH
Atlanta Smoke batting - Pitching for Rocky Mountain Nuggets : RHP Reynaldo Ortíz
Pitching: RHP Kenny Powers
Batting: LHB Carl Gore 0-0: Called Strike
0-1: TRIPLE (Flyball, 7LS)
Batting: RHB Gerardo Castillo 0-0: Ground out 4-3 (Groundball, 4)
Pinch Hitting: LHB Luis Costello 0-0: SINGLE (Groundball, 56D)
Carl Gore scores
Batting: RHB Bartolo Morales 0-0: Ball
1-0: Fly out, F8 (Flyball, 8LS)
Batting: RHB Anthony Johnston 0-0: Ball
1-0: Called Strike
1-1: Foul Ball, location: 2F
1-2: Ground out 6-3 (Groundball, 6MS)
Top of the 9th over - 1 run(s), 2 hit(s), 0 error(s), 1 left on base; Atlanta 6 - Rocky Mountain 6
BOTTOM OF THE 9TH
Rocky Mountain Nuggets batting - Pitching for Atlanta Smoke : RHP Iván García
Now at 2B: Andrew Weeks
Batting: LHB Javier Sánchez 0-0: Ball
1-0: DOUBLE (Groundball, 3L)
Batting: RHB Andrés Rodríguez 0-0: Intentional Walk
Batting: LHB Juan Ríos 0-0: Fly out, F9 (Line Drive, 9)
Batting: RHB Wes Shannon 0-0: Ball
1-0: Called Strike
1-1: Called Strike
1-2: Ball
2-2: Ball
3-2: Strikes out swinging
Pitching: RHP Bruce Hamilton
Batting: RHB Javier Martínez 0-0: Called Strike
0-1: Ground out 1-3 (Groundball, 15S)
Bottom of the 9th over - 0 run(s), 1 hit(s), 0 error(s), 2 left on base; Atlanta 6 - Rocky Mountain 6
TOP OF THE 10TH
Atlanta Smoke batting - Pitching for Rocky Mountain Nuggets : RHP Kenny Powers
Batting: LHB Albert Morán 0-0: Ball
1-0: Called Strike
1-1: Called Strike
1-2: Ball
2-2: Ball
3-2: Strikes out swinging
Batting: LHB Ned Durand 0-0: Called Strike
0-1: Swinging Strike
0-2: Foul Ball, location: 2F
0-2: Ball
1-2: Fly out, F8 (Flyball, 8RM)
Batting: RHB Pedro Morales 0-0: Fly out, F6 (Popup, 56D)
Top of the 10th over - 0 run(s), 0 hit(s), 0 error(s), 0 left on base; Atlanta 6 - Rocky Mountain 6
BOTTOM OF THE 10TH
Rocky Mountain Nuggets batting - Pitching for Atlanta Smoke : RHP Bruce Hamilton
Pinch Hitting: RHB Mike Green 0-0: Called Strike
0-1: Ball
1-1: Foul Ball, location: 2F
1-2: SINGLE (Groundball, 6MD)
Batting: SHB Juan Sánchez 0-0: Bunt missed!
0-1: Sac Bunt - play at first, batter OUT! 2-4
Mike Green to second
Batting: RHB Mark Melton 0-0: Fly out, F6 (Popup, 6)
Batting: LHB Randy Bowen 0-0: Ball
1-0: Foul Ball, location: 2F
1-1: Ball
2-1: Fly out, F7 (Line Drive, 7)
Bottom of the 10th over - 0 run(s), 1 hit(s), 0 error(s), 1 left on base; Atlanta 6 - Rocky Mountain 6
TOP OF THE 11TH
Atlanta Smoke batting - Pitching for Rocky Mountain Nuggets : RHP Kenny Powers
Now at 3B: Mike Green
Batting: LHB Armando Esparza 0-0: Called Strike
0-1: Ground out 3-1 (Groundball, 34S)
Batting: LHB Carl Gore 0-0: Ball
1-0: Ball
2-0: Ball
3-0: Base on Balls
Batting: RHB Gerardo Castillo 0-0: Swinging Strike
0-1: Swinging Strike
0-2: Ball
1-2: Foul Ball, location: 2F
1-2: Strikes out looking
Batting: RHB Andrew Weeks 0-0: Ball
1-0: Ball
2-0: Swinging Strike
2-1: Foul Ball, location: 2F
2-2: Strikes out swinging
Top of the 11th over - 0 run(s), 0 hit(s), 0 error(s), 1 left on base; Atlanta 6 - Rocky Mountain 6
BOTTOM OF THE 11TH
Rocky Mountain Nuggets batting - Pitching for Atlanta Smoke : RHP Bruce Hamilton
Batting: LHB Javier Sánchez 0-0: Ball
1-0: Called Strike
1-1: SINGLE (Groundball, 4MD)
Batting: RHB Andrés Rodríguez 0-0: Ball
1-0: Called Strike
1-1: Foul Ball, location: 2F
1-2: Strikes out swinging
Batting: LHB Juan Ríos 0-0: Swinging Strike
0-1: Swinging Strike
0-2: Ball
1-2: Strikes out swinging
Batting: RHB Wes Shannon 0-0: Ball
1-0: Called Strike
1-1: Swinging Strike
1-2: SINGLE (Groundball, 56D)
Javier Sánchez to second
Batting: RHB Javier Martínez 0-0: Called Strike
0-1: Fielders Choice at 2nd, 5-4 (Groundball, 56)
Bottom of the 11th over - 0 run(s), 2 hit(s), 0 error(s), 1 left on base; Atlanta 6 - Rocky Mountain 6
TOP OF THE 12TH
Atlanta Smoke batting - Pitching for Rocky Mountain Nuggets : RHP Kenny Powers
Batting: RHB Bartolo Morales 0-0: Ball
1-0: Ball
2-0: Ball
3-0: Called Strike
3-1: Base on Balls
Batting: RHB Anthony Johnston 0-0: Ball
1-0: Ball
2-0: Sac Bunt - play at first, batter OUT! 5-4
Bartolo Morales to second
Batting: LHB Albert Morán 0-0: Intentional Walk
Batting: LHB Ned Durand 0-0: Called Strike
0-1: Ball
1-1: Ball
2-1: Ball
3-1: Swinging Strike
3-2: 3-RUN HOME RUN (Flyball, 9D), Distance : 389 ft
Pitching: RHP Dave Tomlinson
Batting: RHB Pedro Morales 0-0: Foul Ball, location: 2F
0-1: Ball
1-1: Called Strike
1-2: Ball
2-2: Foul Ball, location: 2F
2-2: Strikes out swinging
Batting: LHB Armando Esparza 0-0: Ball
1-0: Ground out 4-3 (Groundball, 34)
Top of the 12th over - 3 run(s), 1 hit(s), 0 error(s), 0 left on base; Atlanta 9 - Rocky Mountain 6
BOTTOM OF THE 12TH
Rocky Mountain Nuggets batting - Pitching for Atlanta Smoke : RHP Bruce Hamilton
Pitching: RHP Fred Pitts
Batting: RHB Mike Green 0-0: Foul Ball, location: 2F
0-1: Called Strike
0-2: SINGLE (Line Drive, 7S)
Batting: SHB Juan Sánchez 0-0: Ball
1-0: Called Strike
1-1: Foul Ball, location: 2F
1-2: Strikes out looking
Batting: RHB Mark Melton 0-0: Called Strike
0-1: Swinging Strike
0-2: Foul Ball, location: 2F
0-2: Ball
1-2: Ball
2-2: Foul Ball, location: 2F
2-2: SINGLE (Line Drive, 89S)
Mike Green to second
Batting: LHB Randy Bowen 0-0: Fly out, F3 (Popup, 3S)
Batting: LHB Javier Sánchez 0-0: Ground out U3 (Groundball, 3)
Bottom of the 12th over - 0 run(s), 2 hit(s), 0 error(s), 2 left on base; Atlanta 9 - Rocky Mountain 6
Friday, December 30th, 2016 - OOTP Baseball 17.12 Build 75